 Dungeon Sprint DCSS version 0.30-a0-802-gb92711bcdf (webtiles) character file.

Game seed: 16469624625985062535

331 BigDaddyOpFi the Demolition Octopus (level 6, -1/46 HPs)
             Began as an Octopode Fighter on Feb 24, 2023.
             Was an Elder of Makhleb.
             Slain by a wight
             ... wielding a +2 halberd of freezing
              (4 damage)
             ... in the Dungeon (Sprint VII: "The Pits").
             The game lasted 00:00:55 (248 turns).

BigDaddyOpFi the Demolition Octopus (OpFi)           Turns: 248, Time: 00:00:56

Health: -1/46      AC:  1    Str: 18    XL:     6   Next: 51%
Magic:  11/12      EV: 14    Int: 10    God:    Makhleb [****..]
Gold:   0          SH:  5    Dex: 11    Spells: 5/5 levels left

rFire   . . .      SeeInvis .    a - +0 war axe
rCold   . . .      Faith    .    b - +0 buckler
rNeg    . . .      Spirit   .    (helmet restricted)
rPois   .          Reflect  .    (no amulet)
rElec   .          Harm     .    (no ring)
rCorr   .          Rampage  .    (no ring)
Will    .....      NoTele   +    (no ring)
Stlth   ++                       (no ring)
HPRegen 0.27/turn                (no ring)
MPRegen 0.13/turn                (no ring)
                                 (no ring)
                                 (no ring)

@: mighty
A: almost no armour, amphibious, 8 rings, camouflage 1, gelatinous body 1,
(nimble swimmer 1), tentacles
a: Renounce Religion, Minor Destruction, Lesser Servant of Makhleb, Major
Destruction


You were in the Dungeon.
You worshipped Makhleb.
Makhleb was greatly pleased with you.
You visited 1 branch

Inventory:

Hand Weapons
 a - a +0 war axe (weapon)
Armour
 b - a +0 buckler (worn)
Scrolls
 i - a scroll of blinking
Potions
 d - 6 potions of curing
 e - 2 potions of heal wounds
 f - a potion of haste
 g - 4 potions of magic
 h - 3 potions of berserk rage
 j - 2 potions of invisibility


   Skills:
 + Level 6.2 Fighting
 + Level 5.7 Axes
 + Level 6.2 Dodging
 + Level 6.4 Shields
 * Level 8.0 Invocations


You had 5 spell levels left.
You didn't know any spells.
Your spell library was empty.

Dungeon Overview and Level Annotations

Branches:
Dungeon (1/1)

Altars:
Ashenzari
Cheibriados
Dithmenos
Elyvilon
Fedhas
Gozag
Hepliaklqana
Kikubaaqudgha
Makhleb
Nemelex Xobeh
Okawaru
Qazlal
Ru
Sif Muna
Trog
Uskayaw
Vehumet
Wu Jian
Xom
Yredelemnul
Zin
The Shining One
Jiyva
Lugonu


Innate Abilities, Weirdness & Mutations

You cannot wear most types of armour.
You are amphibious.
You can wear up to eight rings at the same time.
Your skin changes colour to match your surroundings (Stealth+).
Your rubbery body absorbs attacks. (AC +1, EV +1)
((You are camouflaged when in or above water. (Stealth+)))
You have tentacles for arms and can constrict up to eight enemies at once.


Message History

You feel much better. The wight hits you with a +4 trident.
You feel drained.
The wight hits you with a +2 halberd of freezing!
The wight freezes you!
* * * LOW HITPOINT WARNING * * *
The wight misses you. x2
You feel much better. The wight completely misses you.
The wight barely misses you.
The water moccasin hisses angrily.
The wight hits you with a +2 halberd of freezing!
The wight freezes you. The wight barely misses you.
There is an open door, spattered with blood here.
Things that are here:
a +4 dire flail; a +0 robe You closely miss the wight.
You grab the wight. You squeeze the wight.
The wight is heavily damaged.
You closely miss the wight. You constrict the wight. The wight misses you.
The wight hits you with a +4 trident.
You slash the wight!
You destroy the wight!
Makhleb accepts your kill.
You feel better.
You hit the wight. You block the wight's attack. The flying skull misses you.
Your life force feels restored.
Your Invocations skill increases to level 8!
You feel much better. The flying skull hits you! The wight closely misses you.
The flying skull hits you!
You slash the flying skull! Your grab misses the flying skull.
The flying skull is heavily damaged.
You closely miss the wight. The wight closely misses you.
The flying skull hits you.
You feel much better. The flying skull misses you.
You block the wight's attack. The flying skull hits you!
You miss the flying skull. Your grab misses the flying skull.
The flying skull is moderately damaged.
You hit the wight but do no damage. The flying skull hits you!
The wight barely misses you. The flying skull hits you!
The wight hits you with a +2 halberd of freezing!
* * * LOW HITPOINT WARNING * * *
The wight freezes you.
You die...

#.#...†.#[[##.....
#.#.†.†.#))#####'#
#.###†###))##.....
#.#.....#))##.....
#.#.....#..##.....
#.####)##'###...<.
#.#........##.....
#.#..†.....##.....
#@###########.....
#zzKz...# ######
#S5#.#..# #Z## #
#.. #.# #.. #..


You could see a water moccasin, a flying skull, an iron imp, 2 wights, a kobold
and a ball python skeleton.

Vanquished Creatures
  2 floating eyes (D)
  2 wights (D)
  A river rat (D)
  An orc (D)
  A ball python (D)
  A goblin (D)
  A hobgoblin (D)
  7 jackals (D)
16 creatures vanquished.

Notes
Turn   | Place    | Note
-------+----------+-------------------------------------------
     0 | D        | BigDaddyOpFi the Octopode Fighter began the quest for the
                  | Orb.
     0 | D        | Reached XP level 1. HP: 16/16 MP: 1/1
    18 | D        | Found a bloodstained altar of Trog.
    18 | D        | Found a shimmering blue altar of Sif Muna.
    18 | D        | Found a viscous altar of Jiyva.
    18 | D        | Found a hazy altar of Hepliaklqana.
    18 | D        | Found an opulent altar of Gozag.
    19 | D        | Found a glowing golden altar of the Shining One.
    19 | D        | Found a glowing silver altar of Zin.
    19 | D        | Found a basalt altar of Yredelemnul.
    19 | D        | Found a shimmering altar of Xom.
    19 | D        | Found an ornate altar of the Wu Jian Council.
    19 | D        | Found a sacrificial altar of Ru.
    19 | D        | Found a stormy altar of Qazlal.
    19 | D        | Found an iron altar of Okawaru.
    19 | D        | Found a sparkling altar of Nemelex Xobeh.
    19 | D        | Found a burning altar of Makhleb.
    19 | D        | Found a blossoming altar of Fedhas.
    19 | D        | Found a white marble altar of Elyvilon.
    19 | D        | Found a shadowy altar of Dithmenos.
    19 | D        | Found a snail-covered altar of Cheibriados.
    20 | D        | Found a radiant altar of Vehumet.
    20 | D        | Found a corrupted altar of Lugonu.
    21 | D        | Found an ancient bone altar of Kikubaaqudgha.
    21 | D        | Found a hide-covered altar of Uskayaw.
    21 | D        | Found a broken altar of Ashenzari.
    27 | D        | Became a worshipper of Makhleb the Destroyer
    65 | D        | Reached * piety under Makhleb
    71 | D        | Reached XP level 2. HP: 19/21 MP: 2/2
    80 | D        | Noticed a floating eye
    84 | D        | Paralysed by a floating eye for 3 turns
    87 | D        | Killed a floating eye
    88 | D        | Reached skill level 5 in Invocations
    88 | D        | Reached XP level 3. HP: 28/28 MP: 2/6
    88 | D        | Reached XP level 4. HP: 34/34 MP: 2/7
    88 | D        | Reached ** piety under Makhleb
   149 | D        | Noticed a floating eye
   153 | D        | Paralysed by a floating eye for 2 turns
   155 | D        | Killed a floating eye
   155 | D        | Reached *** piety under Makhleb
   156 | D        | Reached skill level 5 in Fighting
   156 | D        | Reached skill level 5 in Axes
   156 | D        | Reached skill level 5 in Dodging
   156 | D        | Reached skill level 5 in Shields
   156 | D        | Reached skill level 6 in Invocations
   156 | D        | Reached XP level 5. HP: 41/41 MP: 7/10
   162 | D        | Reached skill level 7 in Invocations
   162 | D        | Reached XP level 6. HP: 40/46 MP: 7/11
   231 | D        | Noticed a flying skull
   237 | D        | Reached **** piety under Makhleb
   238 | D        | Noticed a water moccasin
   245 | D        | Reached skill level 8 in Invocations
   248 | D        | Slain by a wight

Illustrated notes

Levels and vault maps discovered:
D:        pitsprint [storerooms_1, entrance_room_1, metal_vault_3, armoury_1,
          mini_pit_1, grid_room_1, main_hall_1, silver_pit, the_coven_2,
          the_vestibule_1, steel_vault_4, golden_pit, hallway_of_sentries,
          crystal_vault_3, iron_vault_5, final_vault]

Skill      XL: |  1  2  3  4  5  6 |
---------------+-------------------+-----
Fighting       | 4 5 6 |  6.2
Axes           | 4 5 |  5.7
Dodging        | 4 5 6 |  6.2
Shields        | 4 5 6 |  6.4
Invocations    | 5 6 7 8 |  8.0

Action                     |  1- 3 |  4- 6 || total
---------------------------+-------+-------++-------
  Melee: War axe           |    14 |    15 ||    29
         Constrict         |     7 |     7 ||    14
         Punch             |     1 |       ||     1
         Tentacles         |     1 |     2 ||     3
    Use: Potion            |       |     5 ||     5
   Stab: Sleeping          |     2 |       ||     2
 Armour: Skin              |     1 |       ||     1
  Dodge: Dodged            |    10 |    26 ||    36
  Block: Buckler           |     3 |     3 ||     6

Table legend: (Time is in decaauts)
 A = Elapsed time spent in this place.
 B = Non-inter-level travel time spent in this place.
 C = Inter-level travel time spent in this place.
 D = Time resting spent in this place.
 E = Time spent auto-exploring this place.
 F = Levels seen in this place.
 G = Mean time per level.
                   A        B        C        D        E       F      G
               +--------+--------+--------+--------+--------+-----+--------+
         Total |    257 |    238 |     19 |     79 |      0 |   1 |  257.0 |
       Dungeon |    257 |    238 |     19 |     79 |      0 |   1 |  257.0 |
               +--------+--------+--------+--------+--------+-----+--------+

Top non-repeatable levels by time:
       D: 257 daAuts
